 Dungeon Crawl Stone Soup version 0.24-a0-445-gd5110b030a (webtiles) character file.

Game seed: 18181231629583748333

46 theanonym the Ruffian (level 3, 0/28 HPs)
             Began as a Draconian Transmuter on June 22, 2019.
             Slain by a goblin
             ... wielding a cursed +0 dagger
             ... led by Robin
              (8 damage)
             ... on level 2 of the Dungeon.
             The game lasted 00:01:36 (1496 turns).

theanonym the Ruffian (Draconian Transmuter)        Turns: 1496, Time: 00:01:37

Health: 0/28       AC:  5    Str: 12    XL:     3   Next: 44%
Magic:  6/6        EV: 12    Int: 14    God:
Gold:   122        SH:  0    Dex: 11    Spells: 3/6 levels left

rFire    . . .     SeeInvis .     - Unarmed
rCold    . . .     Gourm    .   (no shield)
rNeg     . . .     Faith    .   (armour unavailable)
rPois    .         Spirit   .   (helmet restricted)
rElec    .         Reflect  .   (no cloak)
rCorr    .         Harm     .   (no gloves)
MR       .....                  (boots currently unavailable)
Stlth    +.........             (no amulet)
HPRegen  0.09/turn              (no ring)
MPRegen  0.10/turn              (no ring)

@: appendage (expiring)
A: unfitting armour, talons 3, cold-blooded, AC +5
a: End Transformation


Innate Abilities, Weirdness & Mutations

Your plain brown scales are hard. (AC +5)
You cannot fit into any form of body armour.
You are cold-blooded and may be slowed by cold attacks.
You have claws for feet.


   Skills:
 + Level 1.6 Fighting
 - Level 1.9 Dodging
 * Level 3.5 Unarmed Combat
 + Level 2.2 Spellcasting
 * Level 2.8 Transmutations


You had 3 spell levels left.
You knew the following spells:

 Your Spells              Type           Power        Failure   Level  Hunger
a - Beastly Appendage     Tmut           #.....       7%          1    #......
b - Sticks to Snakes      Tmut           #.......     11%         2    ###....

Your spell library contained the following spells:

 Spells                   Type           Power        Failure   Level  Hunger
 Spider Form              Tmut/Pois      #.........   36%         3    ###....
 Ice Form                 Ice/Tmut       #.......     78%         4    #####..
 Blade Hands              Tmut           #.........   89%         5    ######.

Action                   || total
-------------------------++-------
Melee: Unarmed           ||   116
       Headbutt          ||     4
       Tailslap          ||     9
       Kick              ||     5
 Cast: Beastly Appendage ||     7
 Stab: Sleeping          ||     1
  Eat: Ration            ||     1
Armor: Skin              ||    40
Dodge: Dodged            ||    78

Inventory:

Missiles
 a - 12 arrows
Scrolls
 d - 2 scrolls of identify {unknown}
 g - a scroll of enchant weapon {unknown}
 h - a scroll of magic mapping {unknown}
Potions
 b - a potion of degeneration {unknown}
 c - a potion of curing {unknown}
 f - a potion of agility {unknown}
 i - a potion of might {unknown}
 k - a potion of berserk rage {unknown}
Comestibles
 e - 3 rations
 j - a chunk of flesh


You were on level 2 of the Dungeon.
You were not hungry.
You had grown temporary talons.
You visited 1 branch of the dungeon, and saw 2 of its levels.

You collected 122 gold pieces.

Dungeon Overview and Level Annotations

Branches:
Dungeon (2/15)

Altars:

Annotations:
D:2 Robin

###############
#..)@ggggg....g
#.############# #.#
##########.########
#..................
#.#########.#######
#...........#
#.########### #[#


You could see Robin and 4 goblins.

Notes
Turn   | Place    | Note
-------+----------+-------------------------------------------
     0 | D:1      | theanonym the Draconian Transmuter began the quest for the
                  | Orb.
     0 | D:1      | Reached XP level 1. HP: 16/16 MP: 3/3
   308 | D:1      | Reached XP level 2. HP: 20/23 MP: 3/5
   325 | D:1      | Learned a level 2 spell: Sticks to Snakes
  1138 | D:2      | Reached XP level 3. HP: 26/28 MP: 4/6
  1480 | D:2      | Noticed Robin
  1488 | D:2      | HP: 9/28 [goblin/cursed +0 dagger[Robin] (7)]
  1494 | D:2      | HP: 8/28 [goblin/cursed +0 dagger[Robin] (2)]
  1496 | D:2      | Slain by a goblin

Vanquished Creatures
  An ooze (D:2)
  2 worms (D:2)
  2 giant cockroaches (D:1)
  6 goblins
  2 hobgoblins (D:1)
  3 jackals (D:1)
  5 bats
  3 frilled lizards
  5 kobolds
  5 rats
34 creatures vanquished.

Table legend:
 A = Turns spent in this place as a percentage of turns spent in the entire game.
 B = Non-inter-level travel turns spent in this place as a percentage of non-inter-level travel turns spent in the entire game.
 C = Inter-level travel turns spent in this place as a percentage of turns spent in this place.
 D = Turns resting spent in this place as a percentage of non-inter-level travel turns spent in this place.
 E = Turns spent auto-exploring this place as a percentage of non-inter-level travel turns spent in this place.
 F = Non-inter-level travel turns spent in this place divided by the number of levels of this place that you've seen.
                   A       B       C       D       E      F
               +-------+-------+-------+-------+-------+----------------------
         Total | 100.0 | 100.0 |   1.4 |  19.7 |  65.2 | 737.5
       Dungeon | 100.0 | 100.0 |   1.4 |  19.7 |  65.2 | 737.5
               +-------+-------+-------+-------+-------+----------------------
